 Dungeon Crawl Stone Soup version 0.27-a0-1147-gb3d8e82157 (webtiles) character file.

Game seed: 6247046270853825295

833 night the Stinger (level 7, -1/41 HPs)
             Began as an Octopode Venom Mage on May 11, 2021.
             Slain by a water moccasin zombie (7 damage)
             ... on level 5 of the Dungeon.
             The game lasted 00:12:33 (5114 turns).

night the Stinger (Octopode Venom Mage)             Turns: 5114, Time: 00:12:33

Health: -1/41      AC:  1    Str:  8    XL:     7   Next: 98%
Magic:  14/14      EV: 14    Int: 19    God:
Gold:   209        SH:  0    Dex: 12    Spells: 2/15 levels left

rFire    . . .     SeeInvis .   b - +1 dagger (flame)
rCold    + . .     Faith    .   (no shield)
rNeg     . . .     Spirit   .   (helmet restricted)
rPois    .         Reflect  .   (no amulet)
rElec    .         Harm     .   d - ring of protection from cold
rCorr    .         Rampage  .   (no ring)
Will     .....                  (no ring)
Stlth    +++.......             (no ring)
HPRegen  0.13/turn              (no ring)
MPRegen  0.14/turn              (no ring)
                                (no ring)
                                (no ring)

@: no status effects
A: almost no armour, amphibious, 8 rings, camouflage 1, gelatinous body 1,
(nimble swimmer 1), tentacles
a: no special abilities


You were on level 5 of the Dungeon.
You visited 1 branch of the dungeon, and saw 5 of its levels.

You collected 209 gold pieces.

Inventory:

Hand Weapons
 b - a +1 dagger of flaming (weapon)
 h - a +2 dagger of freezing
 l - a +0 morningstar
 p - a +0 long sword
Magical Staves
 g - a staff of fire
Jewellery
 d - a ring of protection from cold (left tentacle)
 q - an amulet of reflection
 s - an amulet of the acrobat
Wands
 k - a wand of polymorph (6)
 m - a wand of flame (46)
Scrolls
 c - a scroll of enchant armour
Potions
 a - 2 potions of flight
 e - 2 potions of degeneration {unknown}
 f - 2 potions of brilliance {unknown}
 i - 3 potions of curing
 j - 3 potions of heal wounds {unknown}
 o - a potion of resistance {unknown}
 r - a potion of invisibility {unknown}


   Skills:
 + Level 5.3 Dodging
 - Level 2.6 Stealth
 + Level 4.9 Spellcasting
 - Level 1.0 Transmutations
 + Level 7.0 Poison Magic


You had 2 spell levels left.
You knew the following spells:

 Your Spells              Type           Power      Damage    Failure   Level
a - Sting                 Tmut/Pois      76%        1d6       2%          1
b - Poisonous Vapours     Pois/Air       36%        N/A       4%          2
c - Ignite Poison         Fire/Tmut/Pois 14%        N/A       13%         3
d - Olgreb's Toxic Radia  Pois           31%        N/A       7%          4
e - Mephitic Cloud        Conj/Pois/Air  13%        N/A       14%         3

Your spell library contained the following spells:

 Spells                   Type           Power      Damage    Failure   Level
 Magic Dart               Conj           16%        1d3       13%         1
 Blink                    Tloc           N/A        N/A       19%         2
 Call Imp                 Summ           4%         N/A       19%         2
 Slow                     Hex            4%         N/A       19%         2
 Conjure Flame            Conj/Fire      4%         6-21      36%         3


Dungeon Overview and Level Annotations

Branches:
Dungeon (5/15)
 Temple: D:4-7

Altars:
Nemelex Xobeh


Innate Abilities, Weirdness & Mutations

You cannot wear most types of armour.
You are amphibious.
You can wear up to eight rings at the same time.
Your skin changes colour to match your surroundings (Stealth+).
Your rubbery body absorbs attacks. (AC +1, EV +1)
((You are camouflaged near water. (Stealth+)))
You have tentacles for arms and can constrict up to eight enemies at once.


Message History

You hit the white imp but do no damage.
The white imp is moderately wounded.
You constrict the white imp. The white imp gestures at you.
The puff of frost hits you. You resist.
You hit the white imp. You burn the white imp.
The white imp is severely wounded.
You constrict the white imp.
The white imp shouts, "Remove thy stench, thou defiled base-court barnacle!"
The white imp gestures at you. The puff of frost hits you. You resist.
The water moccasin zombie bites you.
You hit the white imp. You burn the white imp.
You kill the white imp!
The water moccasin zombie bites you.
The water moccasin zombie barely misses you.
The water moccasin zombie bites you!
You see here a +0 trident.
Casting: Poisonous Vapours (safe; 4% risk of failure)
Confirm with . or Enter, or press ? or * to list all spells.
Okay, then.
You barely miss the water moccasin zombie.
Your grab misses the water moccasin zombie.
Your squeeze misses the water moccasin zombie.
The water moccasin zombie bites you. x2
* * * LOW HITPOINT WARNING * * *
You hit the water moccasin zombie. You burn the water moccasin zombie.
Your grab misses the water moccasin zombie.
The water moccasin zombie is lightly damaged.
The water moccasin zombie bites you!
* * * LOW HITPOINT WARNING * * *
As you read the scroll labelled XOSIADD ANIT LUN, it crumbles to dust.
The creatures around you are filled with an inner flame!
It was a scroll of immolation.
The water moccasin zombie closely misses you.
The water moccasin zombie closely misses you.
The water moccasin zombie barely misses you.
Found a fuming orange potion.
The water moccasin zombie barely misses you.
The water moccasin zombie bites you!
You die...

### ##.### #.#.!# #...##
##. ###Z## #..# #.@## #.
....## #...###.# ###.
#.....###..##.# ...
.......##.....## #.####
...............# #......
...............####......
................##.......
...............(....##
.............####....#####


You could see a water moccasin zombie (inner flame).

Vanquished Creatures
  Sigmund (D:3)
  2 ogres (D:5)
  A scorpion (D:4)
  A howler monkey (D:4)
  Ijyb (D:3)
  3 iguanas
  Natasha (thrice) (D:3)
  2 orc wizards (D:3)
  6 gnolls
  A howler monkey zombie (D:5)
  An adder (D:2)
  A white imp (D:5)
  2 dart slugs
  A worm (D:2)
  9 orcs (D:3)
  7 endoplasms
  3 giant cockroaches
  7 goblins
  8 hobgoblins
  5 jackals
  4 kobolds
  3 quokkas
  11 ball pythons
  6 bats
  A frilled lizard (D:3)
  11 rats
101 creatures vanquished.

Notes
Turn   | Place    | Note
-------+----------+-------------------------------------------
     0 | D:1      | night the Octopode Venom Mage began the quest for the Orb.
     0 | D:1      | Reached XP level 1. HP: 11/11 MP: 3/3
    82 | D:1      | Found a faded altar of an unknown god.
   105 | D:1      | Reached XP level 2. HP: 17/17 MP: 1/5
   174 | D:1      | You fall into a shaft and drop 1 floor!
   459 | D:2      | Reached skill level 4 in Poison Magic
   644 | D:1      | Reached XP level 3. HP: 21/21 MP: 4/6
  1498 | D:2      | Reached XP level 4. HP: 27/27 MP: 4/8
  1758 | D:2      | Learned a level 3 spell: Mephitic Cloud
  1762 | D:2      | Learned a level 3 spell: Ignite Poison
  2031 | D:3      | Noticed Ijyb
  2049 | D:3      | Killed Ijyb
  2084 | D:3      | Noticed Sigmund
  2096 | D:3      | Killed Sigmund
  2097 | D:3      | Reached skill level 5 in Poison Magic
  2097 | D:3      | Reached XP level 5. HP: 31/31 MP: 0/10
  2097 | D:3      | Reached XP level 6. HP: 36/36 MP: 0/11
  2105 | D:3      | Learned a level 4 spell: Olgreb's Toxic Radiance
  2256 | D:3      | Noticed Natasha
  2263 | D:3      | Noticed Terence
  2267 | D:3      | Killed Natasha
  2279 | D:3      | Noticed Terence
  2279 | D:3      | Terence changed into Terence the ball python
  2280 | D:3      | Killed Terence the ball python
  2299 | D:3      | Noticed Natasha
  2309 | D:3      | Killed Natasha
  2777 | D:3      | Noticed Natasha
  2785 | D:3      | Killed Natasha
  2786 | D:3      | Reached skill level 6 in Poison Magic
  2867 | D:3      | Found a sparkling altar of Nemelex Xobeh.
  2944 | D:3      | Learned a level 2 spell: Poisonous Vapours
  3145 | D:3      | Reached XP level 7. HP: 41/41 MP: 8/13
  4262 | D:5      | Entered Level 5 of the Dungeon
  4448 | D:5      | Reached skill level 5 in Dodging
  5042 | D:5      | Reached skill level 7 in Poison Magic
  5095 | D:5      | HP: 3/41 [water moccasin zombie (7)]
  5114 | D:5      | Slain by a water moccasin zombie

Illustrated notes

Levels and vault maps discovered:
D:1:      minmay_arrival_three_doors, layout_basic,
          ebering_ecumenical_altar_hall, patterned_corridor
D:2:      layout_rooms
D:3:      layout_basic, nicolae_overflow_hidden_temple, st_stairs_4, uniq_ijyb,
          uniq_sigmund, uniq_natasha, uniq_terence
D:4:      layout_loops_ring
D:5:      layout_layer_cave, cheibrodos_worm_habitat, ebering_ghost_rock_garden,
          lemuel_flame_loot_1

Skill      XL: |  1  2  3  4  5  6  7 |
---------------+----------------------+-----
Poison Magic   | 4 5 6 7 |  7.0
Dodging        | 3 4 5 |  5.3
Spellcasting   | 3 4 |  4.9
Stealth        | |  2.6
Transmutations | |  1.0

Action                   |  1- 3 |  4- 6 |  7- 9 || total
-------------------------+-------+-------+-------++-------
Melee: Unarmed           |    38 |       |       ||    38
       Tentacles         |    10 |     7 |     8 ||    25
       Constrict         |    12 |     8 |    13 ||    33
       Dagger            |     4 |    46 |    45 ||    95
       Staff             |     2 |       |       ||     2
 Cast: Sting             |    34 |    37 |     6 ||    77
       Mephitic Cloud    |       |     1 |       ||     1
       Olgreb's Toxic Ra |       |     4 |     8 ||    12
       Poisonous Vapours |       |     2 |     4 ||     6
       Ignite Poison     |       |       |     3 ||     3
Evoke: Wand              |       |     2 |       ||     2
  Use: Scroll            |     3 |     1 |     1 ||     5
 Stab: Sleeping          |     1 |     2 |     3 ||     6
Armor: Skin              |     2 |    20 |       ||    22
Dodge: Dodged            |    37 |    27 |    26 ||    90

Table legend: (Time is in decaauts)
 A = Elapsed time spent in this place.
 B = Non-inter-level travel time spent in this place.
 C = Inter-level travel time spent in this place.
 D = Time resting spent in this place.
 E = Time spent auto-exploring this place.
 F = Levels seen in this place.
 G = Mean time per level.
                   A        B        C        D        E       F      G
               +--------+--------+--------+--------+--------+-----+--------+
         Total |   5118 |   5035 |     83 |   1067 |   3168 |   5 | 1023.6 |
       Dungeon |   5118 |   5035 |     83 |   1067 |   3168 |   5 | 1023.6 |
               +--------+--------+--------+--------+--------+-----+--------+

Top non-repeatable levels by time:
     D:3: 1547 daAuts
     D:1: 983 daAuts
     D:2: 903 daAuts
     D:5: 851 daAuts
     D:4: 832 daAuts
